3183 views
Uploaded 2020-03-10 01:41:34
Game version 1.32.2
15:56 long 2on2 ladder game on (4)LostTemple_LV
Saved by Immortalsoul
3183 views
Uploaded 2020-03-10 01:41:34
Game version 1.32.2
15:56 long 2on2 ladder game on (4)LostTemple_LV


53 units @ 9.1k
/ 1.5k
25 buildings @ 4.1k
/ 1.5k


| Rod of Necromancy | 3 | 450 |
| Orb of Corruption | 1 | 375 |
| Potion of Mana | 1 | 200 |
| total: | 5 | 1025g |
| Acolyte | 10 | 750 | / | 0 |
| Ghoul | 2 | 240 | / | 0 |
| Crypt Fiend | 11 | 2365 | / | 440 |
| Obsidian Statue | 2 | 400 | / | 70 |
| Banshee | 4 | 620 | / | 120 |
| Abomination | 1 | 240 | / | 70 |
| Goblin Zeppelin | 1 | 240 | / | 60 |
| total: | 31 | 4855g | / | 760w |
| Spirit Tower | 2 | 290 | / | 80 |
| Crypt | 1 | 200 | / | 50 |
| Graveyard | 1 | 215 | / | 0 |
| Altar of Darkness | 2 | 360 | / | 100 |
| Ziggurat | 4 | 600 | / | 200 |
| Tomb of Relics | 2 | 260 | / | 60 |
| Necropolis | 1 | 225 | / | 0 |
| Slaughterhouse | 1 | 140 | / | 135 |
| Temple of the Damned | 3 | 465 | / | 420 |
| Halls of the Dead | 1 | 320 | / | 210 |
| Black Citadel | 1 | 325 | / | 230 |
| total: | 15 | 2465g | / | 965w |
| 0:03 | Acolyte |
| 0:07 | Crypt |
| 0:11 | Graveyard |
| 0:17 | Acolyte |
| 0:40 | Altar of Darkness |
| 0:42 | Altar of Darkness |
| 0:54 | Ziggurat |
| 1:08 | Ghoul |
| 1:24 | Tomb of Relics |
| 1:46 | Crypt Fiend |
| 2:09 | Ziggurat |
| 2:19 | Crypt Fiend |
| 2:42 | Rod of Necromancy |
| 2:47 | Death Coil |
| 3:08 | Crypt Fiend |
| 3:10 | Acolyte |
| 3:33 | Unholy Aura |
| 3:38 | Ghoul |
| 3:43 | Halls of the Dead |
| 4:11 | Crypt Fiend |
| 5:09 | Death Coil |
| 5:26 | Ziggurat |
| 5:30 | Necropolis |
| 5:52 | Rod of Necromancy |
| 6:25 | Slaughterhouse |
| 6:27 | Acolyte |
| 7:26 | Frost Nova |
| 7:31 | Crypt Fiend |
| 7:40 | Tomb of Relics |
| 7:54 | Acolyte |
| 7:54 | Acolyte |
| 8:26 | Acolyte |
| 8:26 | Acolyte |
| 8:28 | Black Citadel |
| 8:30 | Crypt Fiend |
| 9:22 | Unholy Aura |
| 9:42 | Obsidian Statue |
| 9:43 | Burrow |
| 10:42 | Obsidian Statue |
| 10:42 | Crypt Fiend |
| 11:11 | Frost Armor |
| 11:48 | Crypt Fiend |
| 11:51 | Acolyte |
| 11:51 | Acolyte |
| 12:03 | Goblin Zeppelin |
| 12:35 | Crypt Fiend |
| 12:41 | Ziggurat |
| 12:43 | Temple of the Damned |
| 12:46 | Temple of the Damned |
| 12:48 | Temple of the Damned |
| 13:51 | Banshee |
| 14:00 | Spirit Tower |
| 14:01 | Spirit Tower |
| 14:05 | Crypt Fiend |
| 14:30 | Rod of Necromancy |
| 14:31 | Orb of Corruption |
| 14:37 | Banshee |
| 14:38 | Banshee |
| 14:40 | Abomination |
| 14:55 | Potion of Mana |
| 15:05 | Crypt Fiend |
| 15:06 | Banshee |
| Right click | 1263 |
| Select group | 690 |
| Select | 511 |
| Misc. action | 113 |
| Build/train/purchase | 94 |
| Assign group | 31 |
| Use ability | 22 |
| Resource trade | 7 |
| Chat | 4 |
| Minimap ping | 2 |
| Esc | 1 |


| Rod of Necromancy | 3 | 450 |
| Orb of Corruption | 1 | 375 |
| Potion of Mana | 2 | 400 |
| Potion of Healing | 1 | 150 |
| Scroll of Town Portal | 1 | 350 |
| total: | 8 | 1725g |
| Acolyte | 2 | 150 | / | 0 |
| Ghoul | 2 | 240 | / | 0 |
| Crypt Fiend | 14 | 3010 | / | 560 |
| Obsidian Statue | 4 | 800 | / | 140 |
| total: | 22 | 4200g | / | 700w |
| Altar of Darkness | 1 | 180 | / | 50 |
| Ziggurat | 5 | 750 | / | 250 |
| Crypt | 1 | 200 | / | 50 |
| Graveyard | 1 | 215 | / | 0 |
| Tomb of Relics | 1 | 130 | / | 30 |
| Slaughterhouse | 1 | 140 | / | 135 |
| Halls of the Dead | 1 | 320 | / | 210 |
| Black Citadel | 1 | 325 | / | 230 |
| total: | 10 | 1615g | / | 515w |
| 0:02 | Acolyte |
| 0:07 | Altar of Darkness |
| 0:08 | Ziggurat |
| 0:13 | Acolyte |
| 0:35 | Crypt |
| 0:57 | Graveyard |
| 1:11 | Tomb of Relics |
| 1:37 | Ghoul |
| 1:57 | Ghoul |
| 2:05 | Death Coil |
| 2:16 | Rod of Necromancy |
| 2:20 | Crypt Fiend |
| 2:32 | Ziggurat |
| 3:23 | Halls of the Dead |
| 3:25 | Crypt Fiend |
| 3:53 | Crypt Fiend |
| 4:30 | Crypt Fiend |
| 4:51 | Rod of Necromancy |
| 4:59 | Crypt Fiend |
| 5:05 | Ziggurat |
| 5:46 | Black Citadel |
| 5:53 | Unholy Aura |
| 6:18 | Burrow |
| 6:33 | Slaughterhouse |
| 7:04 | Frost Nova |
| 8:20 | Obsidian Statue |
| 8:28 | Crypt Fiend |
| 8:30 | Ziggurat |
| 10:42 | Crypt Fiend |
| 10:44 | Obsidian Statue |
| 10:57 | Orb of Corruption |
| 10:58 | Potion of Mana |
| 11:09 | Potion of Mana |
| 11:20 | Scroll of Town Portal |
| 11:21 | Rod of Necromancy |
| 11:48 | Crypt Fiend |
| 11:49 | Obsidian Statue |
| 12:13 | Frost Armor |
| 12:19 | Crypt Fiend |
| 12:47 | Ziggurat |
| 12:52 | Death Coil |
| 12:55 | Potion of Healing |
| 13:40 | Crypt Fiend |
| 13:40 | Crypt Fiend |
| 13:56 | Crypt Fiend |
| 13:58 | Obsidian Statue |
| 14:24 | Crypt Fiend |
| 14:43 | Crypt Fiend |
| Right click | 903 |
| Select | 636 |
| Select group | 195 |
| Misc. action | 169 |
| Build/train/purchase | 73 |
| Assign group | 55 |
| Use ability | 35 |
| Chat | 6 |
| Minimap ping | 3 |
93 units @ 13.1k
/ 1.6k
38 buildings @ 5.3k
/ 2.1k
Immortalsoul
(11)
(15:53) : 

| Peasant | 15 | 1125 | / | 0 |
| Rifleman | 27 | 5535 | / | 810 |
| Priest | 15 | 2025 | / | 150 |
| Mortar Team | 2 | 360 | / | 140 |
| total: | 59 | 9045g | / | 1100w |
| Scout Tower | 1 | 30 | / | 20 |
| Arcane Tower | 2 | 140 | / | 100 |
| Blacksmith | 1 | 140 | / | 60 |
| Barracks | 1 | 160 | / | 60 |
| Farm | 10 | 800 | / | 200 |
| Altar of Kings | 1 | 180 | / | 50 |
| Lumber Mill | 1 | 120 | / | 0 |
| Arcane Vault | 1 | 130 | / | 30 |
| Town Hall | 1 | 385 | / | 205 |
| Arcane Sanctum | 1 | 150 | / | 140 |
| Workshop | 1 | 140 | / | 140 |
| Keep | 1 | 320 | / | 210 |
| total: | 19 | 2235g | / | 905w |
| 0:01 | Peasant |
| 0:01 | Peasant |
| 0:21 | Peasant |
| 0:33 | Blacksmith |
| 0:36 | Peasant |
| 0:48 | Barracks |
| 0:53 | Peasant |
| 0:57 | Farm |
| 1:04 | Altar of Kings |
| 1:11 | Peasant |
| 1:28 | Farm |
| 1:30 | Peasant |
| 1:48 | Rifleman |
| 1:48 | Rifleman |
| 2:00 | Farm |
| 2:16 | Rifleman |
| 2:16 | Rifleman |
| 2:23 | Peasant |
| 2:23 | Peasant |
| 2:37 | Scout Tower |
| 2:47 | Rifleman |
| 2:47 | Rifleman |
| 3:05 | Lumber Mill |
| 3:06 | Arcane Tower |
| 3:09 | Storm Bolt |
| 3:26 | Rifleman |
| 3:26 | Rifleman |
| 3:46 | Thunder Clap |
| 4:10 | Keep |
| 4:20 | Farm |
| 4:23 | Farm |
| 4:26 | Arcane Vault |
| 4:52 | Studded Leather Armor |
| 4:52 | Reinforced Leather Armor |
| 5:02 | Rifleman |
| 5:17 | Farm |
| 5:19 | Farm |
| 5:22 | Rifleman |
| 5:31 | Black Gunpowder |
| 5:57 | Storm Bolt |
| 6:02 | Rifleman |
| 6:22 | Farm |
| 7:09 | Arcane Sanctum |
| 7:12 | Town Hall |
| 7:44 | Siphon Mana |
| 8:15 | Rifleman |
| 8:20 | Priest |
| 8:22 | Rifleman |
| 9:23 | Rifleman |
| 9:23 | Rifleman |
| 9:23 | Priest |
| 9:23 | Priest |
| 9:33 | Peasant |
| 9:54 | Priest |
| 9:54 | Rifleman |
| 10:14 | Priest |
| 10:14 | Rifleman |
| 10:18 | Rifleman |
| 10:18 | Priest |
| 10:31 | Priest |
| 10:31 | Rifleman |
| 11:05 | Peasant |
| 11:05 | Peasant |
| 11:05 | Peasant |
| 11:23 | Rifleman |
| 11:24 | Priest |
| 11:43 | Priest |
| 11:43 | Rifleman |
| 12:09 | Rifleman |
| 12:10 | Priest |
| 12:30 | Workshop |
| 12:32 | Farm |
| 12:33 | Farm |
| 12:33 | Rifleman |
| 12:44 | Flame Strike |
| 12:49 | Peasant |
| 12:49 | Peasant |
| 13:00 | Thunder Clap |
| 13:37 | Priest |
| 13:37 | Rifleman |
| 13:46 | Refined Gunpowder |
| 13:49 | Priest |
| 14:08 | Flare |
| 14:34 | Priest |
| 14:34 | Rifleman |
| 15:02 | Priest |
| 15:02 | Rifleman |
| 15:04 | Siphon Mana |
| 15:09 | Rifleman |
| 15:09 | Priest |
| 15:32 | Priest Adept Training |
| 15:33 | Mortar Team |
| 15:33 | Mortar Team |
| Select group | 936 |
| Right click | 872 |
| Select | 498 |
| Misc. action | 397 |
| Build/train/purchase | 84 |
| Assign group | 62 |
| Use ability | 41 |
| Chat | 25 |
| Minimap ping | 6 |
| Resource trade | 6 |
| Remove unit | 1 |


| Lesser Clarity Potion | 1 | 70 |
| Scroll of Speed | 1 | 50 |
| total: | 2 | 120g |
| Peon | 14 | 1050 | / | 0 |
| Troll Headhunter | 8 | 1120 | / | 160 |
| Troll Berserker | 4 | 560 | / | 80 |
| Shaman | 6 | 780 | / | 120 |
| Tauren | 2 | 560 | / | 160 |
| total: | 34 | 4070g | / | 520w |
| Watch Tower | 2 | 220 | / | 160 |
| Altar of Storms | 1 | 180 | / | 50 |
| Orc Burrow | 6 | 960 | / | 240 |
| Barracks | 2 | 360 | / | 100 |
| War Mill | 1 | 205 | / | 0 |
| Voodoo Lounge | 4 | 520 | / | 120 |
| Great Hall | 1 | 385 | / | 185 |
| Spirit Lodge | 1 | 150 | / | 150 |
| Tauren Totem | 1 | 135 | / | 155 |
| Stronghold | 1 | 315 | / | 190 |
| Fortress | 1 | 325 | / | 190 |
| total: | 19 | 3115g | / | 1160w |
| 0:03 | Peon |
| 0:03 | Peon |
| 0:07 | Altar of Storms |
| 0:20 | Orc Burrow |
| 0:28 | Peon |
| 0:39 | Peon |
| 0:46 | Barracks |
| 1:06 | War Mill |
| 1:12 | Peon |
| 1:26 | Peon |
| 1:41 | Orc Burrow |
| 1:47 | Peon |
| 2:02 | Voodoo Lounge |
| 2:04 | Voodoo Lounge |
| 2:09 | Voodoo Lounge |
| 2:13 | Peon |
| 2:17 | Troll Headhunter |
| 2:41 | Troll Headhunter |
| 2:45 | Voodoo Lounge |
| 2:50 | War Stomp |
| 2:52 | Barracks |
| 3:16 | Troll Headhunter |
| 3:20 | Lesser Clarity Potion |
| 3:20 | Scroll of Speed |
| 3:43 | Troll Headhunter |
| 3:48 | Orc Burrow |
| 3:51 | Orc Burrow |
| 4:24 | Stronghold |
| 4:46 | Troll Headhunter |
| 5:10 | Steel Ranged Weapons |
| 5:26 | Endurance Aura |
| 5:39 | Orc Burrow |
| 6:05 | Troll Headhunter |
| 7:26 | Fortress |
| 8:03 | Troll Headhunter |
| 8:05 | Spirit Lodge |
| 8:19 | Hex |
| 8:28 | Troll Regeneration |
| 8:31 | Reinforced Defenses |
| 8:38 | Watch Tower |
| 9:26 | Troll Headhunter |
| 9:42 | Watch Tower |
| 9:45 | Shaman Adept Training |
| 9:45 | Shaman Master Training |
| 9:48 | Berserker Upgrade |
| 11:00 | Great Hall |
| 11:00 | Troll Berserker |
| 11:20 | War Stomp |
| 11:39 | Troll Berserker |
| 11:42 | Peon |
| 11:42 | Peon |
| 12:10 | Healing Wave |
| 12:11 | Troll Berserker |
| 12:27 | Troll Berserker |
| 12:33 | Tauren Totem |
| 12:35 | Steel Armor |
| 12:36 | Shaman |
| 12:50 | Orc Burrow |
| 13:48 | Shaman |
| 13:48 | Shaman |
| 13:48 | Tauren |
| 13:56 | Peon |
| 13:56 | Peon |
| 13:56 | Peon |
| 13:56 | Peon |
| 14:25 | Shaman |
| 14:44 | Endurance Aura |
| 14:45 | Healing Wave |
| 14:52 | Pulverize |
| 14:52 | Shaman |
| 15:05 | Shaman |
| 15:34 | Tauren |
| Select group | 2397 |
| Right click | 1452 |
| Select | 760 |
| Misc. action | 421 |
| Build/train/purchase | 92 |
| Assign group | 34 |
| Use ability | 14 |
| Minimap ping | 5 |
| Resource trade | 4 |
| Esc | 1 |